 Dungeon Crawl Stone Soup version 0.31-a0-851-g7ff8af7976 (webtiles) character file.

Game seed: 1152759724584682860

51 MachoJfn the Caller (level 4, -1/24 HPs)
             Began as a Kobold Summoner on Oct 6, 2023.
             Slain by Robin
             ... wielding a +0 spear
              (5 damage)
             ... on level 2 of the Dungeon.
             The game lasted 00:04:36 (1174 turns).

MachoJfn the Caller (Kobold Summoner)               Turns: 1174, Time: 00:04:37

Health: -1/24      AC:  5    Str:  5    XL:     4   Next: 5%
Magic:  3/8        EV: 14    Int: 18    God:
Gold:   79         SH:  0    Dex: 15    Spells: 4/8 levels left

rFire   + . .        a - +0 short sword
rCold   + . .        (no shield)
rNeg    . . .        d - +0 leather armour
rPois   +            f - +0 helmet
rElec   +            (no cloak)
rCorr   +            g - +0 pair of gloves
SInv    .            (no boots)
Will    .....        (no amulet)
Stlth   +++          (no ring)
HPRegen 0.24/turn    (no ring)
MPRegen 0.11/turn

%: no passive effects
@: resistant
A: small, no large weapons, nightstalker 3
a: no special abilities


You were on level 2 of the Dungeon.
You visited 1 branch of the dungeon, and saw 2 of its levels.

You collected 79 gold pieces.

Inventory:

Hand Weapons
 a - a +0 short sword (weapon)
Missiles
 e - 26 stones
Armour
 d - a +0 leather armour (worn)
 f - a +0 helmet (worn)
 g - a +0 pair of gloves (worn)
Scrolls
 c - a scroll of fear
Potions
 b - a potion of magic


   Skills:
 + Level 0.3 Short Blades
 + Level 0.4 Armour
 + Level 2.4 Dodging
 + Level 3.2 Stealth
 + Level 2.8 Spellcasting
 + Level 4.6 Summonings


You had 4 spell levels left.
You knew the following spells:

 Your Spells              Type           Power      Damage    Failure   Level
a - Summon Small Mammal   Summ           76%        N/A       4%          1
b - Call Canine Familiar  Summ           19%        N/A       12%         3

Your spell library contained the following spells:

 Spells                   Type           Power      Damage    Failure   Level
 Call Imp                 Summ           38%        N/A       6%          2
 Summon Guardian Golem    Hex/Summ       10%        N/A       32%         3
 Summon Lightning Spire   Summ/Air       10%        N/A       71%         4


Dungeon Overview and Level Annotations

Branches:
Dungeon (2/15)

Altars:

Annotations:
D:2 Robin


Innate Abilities, Weirdness & Mutations

You are small and have problems with some larger weapons.
You are completely attuned to the shadows.


Message History

The goblin misses you.
You hear a shout! x2
You hit the goblin.
You kill the goblin!
Robin barely misses you. The goblin hits you with a +0 club.
* * * LOW HITPOINT WARNING * * *
The goblin hits you with a +0 dagger.
* * * LOW HITPOINT WARNING * * *
It was a potion of curing.
You feel better. Robin hits you but does no damage.
The goblin hits you with a +0 club. The goblin barely misses you.
It was a potion of resistance.
You feel protected. The goblin barely misses you.
Robin's bangles clink loudly.
Robin hits you from afar with a +0 spear.
The goblin hits you but does no damage.
You barely miss the goblin.
The goblin is heavily wounded.
Robin barely misses you. The goblin barely misses you.
The goblin hits you but does no damage.
You hit the goblin but do no damage.
The goblin is heavily wounded.
The goblin no longer looks unusually strong.
A hobgoblin comes into view.
Robin roars a battlecry!
The goblin goes into a battle-frenzy!
The goblin closely misses you. The goblin hits you but does no damage.
You hit the goblin.
You kill the goblin!
Robin misses you. The goblin hits you with a +0 club.
* * * LOW HITPOINT WARNING * * *
You completely miss the goblin.
Robin roars a battlecry!
A goblin comes into view. It is wielding a +0 dagger.
The goblin barely misses you.
You hit the goblin.
The goblin is moderately wounded.
Robin hits you from afar with a +0 spear.
You die...
Robin says, "And that's why I'm the boss."

#. .#.
#.###.
#.##...
##...#.
######
###..g..g
.........
......
...g....g
######.##
.##### #g#
#.# .# #.#
...# .# #g#
..... .#
#h# .# .#
####@###..
.##
.#########
...g)g....
r..
..>......#
####.####.
###
########.#
#.# #.# #.#
#<#######.#
#.........#
###########


You could see Robin, a hobgoblin, 2 goblins and a friendly hound (summoned).

Vanquished Creatures
  A dart slug (D:1)
  3 ball pythons (D:1)
  2 bats (D:1)
  4 goblins
  A hobgoblin (D:1)
  A kobold (D:1)
  A quokka (D:1)
  A rat (D:1)
14 creatures vanquished.

Vanquished Creatures (collateral kills)
  2 adders (D:2)
  A dart slug (D:1)
  A bat (D:1)
  5 goblins
  A hobgoblin (D:1)
  A kobold (D:1)
11 creatures vanquished.

Grand Total: 25 creatures vanquished

Notes
Turn   | Place    | Note
-------+----------+-------------------------------------------
     0 | D:1      | MachoJfn the Kobold Summoner began the quest for the Orb.
     0 | D:1      | Reached XP level 1. HP: 10/10 MP: 3/3
   293 | D:1      | Reached XP level 2. HP: 15/15 MP: 1/5
   844 | D:1      | Reached XP level 3. HP: 19/19 MP: 6/6
   965 | D:1      | Learned a level 3 spell: Call Canine Familiar
  1131 | D:2      | Noticed Robin
  1162 | D:2      | Reached XP level 4. HP: 19/24 MP: 1/8
  1174 | D:2      | Slain by Robin

Illustrated notes

Levels and vault maps discovered:
D:1:      shiori_arrival_elements, layout_rooms, hex_medium,
          corexii_item_surrounded_by_moat
D:2:      layout_loops_ring, basic_altar, uniq_robin

Skill      XL: |  1  2  3 |
---------------+----------+-----
Stealth        | 3 |  3.2
Short Blades   | |  0.3
Armour         | |  0.4
Dodging        | |  2.4
Spellcasting   | |  2.8
Summonings     | |  4.6

Action                     |  1- 3 |  4- 6 || total
---------------------------+-------+-------++-------
  Melee: Short sword       |    44 |    11 ||    55
         Punch             |     1 |       ||     1
   Cast: Summon Small Mamm |    33 |       ||    33
         Call Canine Famil |     2 |       ||     2
    Use: Scroll            |     2 |       ||     2
         Potion            |       |     2 ||     2
   Stab: Sleeping          |     2 |       ||     2
 Armour: Leather armour    |    29 |    17 ||    46
  Dodge: Dodged            |    38 |    16 ||    54

Table legend: (Time is in decaauts)
 A = Elapsed time spent in this place.
 B = Non-inter-level travel time spent in this place.
 C = Inter-level travel time spent in this place.
 D = Time resting spent in this place.
 E = Time spent auto-exploring this place.
 F = Levels seen in this place.
 G = Mean time per level.
                   A        B        C        D        E       F      G
               +--------+--------+--------+--------+--------+-----+--------+
         Total |   1172 |   1077 |     95 |    136 |    649 |   2 |  586.0 |
       Dungeon |   1172 |   1077 |     95 |    136 |    649 |   2 |  586.0 |
               +--------+--------+--------+--------+--------+-----+--------+

Top non-repeatable levels by time:
     D:1: 965 daAuts
     D:2: 207 daAuts
